 Dungeon Crawl Stone Soup version 0.31-a0-441-g867994ef1c (webtiles) character file.

Game seed: 2771957261865438100

40 MackTheKnife the Ruffian (level 3, -3/39 HPs)
             Began as a Demonspawn Shapeshifter on Aug 2, 2023.
             Killed from afar by Sigmund (7 damage)
             ... with a puff of flame
             ... on level 2 of the Dungeon.
             The game lasted 00:03:04 (767 turns).

MackTheKnife the Ruffian (Demonspawn Shapeshifter)   Turns: 767, Time: 00:03:04

Health: -3/39      AC: 21    Str: 17    XL:     3   Next: 30%
Magic:  3/3        EV:  2    Int:  9    God:
Gold:   116        SH:  0    Dex: 19    Spells: 2/2 levels left

rFire   . .          .
                       - Unarmed
rCold   . . .        (no shield)
rNeg    . . .        i - melded +0 leather armour
rPois   +            (helmet currently unavailable)
rElec   .            d - melded +0 cloak
rCorr   .            (gloves currently unavailable)
SInv    .            (boots currently unavailable)
Will    .....        (no amulet)
Stlth   ++           g - +6 ring of dexterity
HPRegen 0.26/turn    (no ring)
MPRegen 0.08/turn

%: no passive effects
@: tree-form
A: stationary, stasis, torment immunity, boosted hp, (slimy green scales 1),
(spiny 1)
a: no special abilities


You were on level 2 of the Dungeon.
You were a tree.
You visited 1 branch of the dungeon, and saw 2 of its levels.

You collected 116 gold pieces.


Innate Abilities, Weirdness & Mutations

You are a tree.
Your roots penetrate the ground, keeping you stationary.
You cannot be teleported.
You are immune to unholy pain and torment.
Your maximum health is greatly increased.
Your equipment is partially melded.
((You are partially covered in slimy green scales. (AC +2)))
((You are partially covered in sharp spines.))


   Skills:
 - Level 1.0 Fighting
 - Level 1.7 Dodging
 + Level 3.5 Unarmed Combat
 + Level 3.1 Shapeshifting


You had 2 spell levels left.
You didn't know any spells.
Your spell library contained the following spells:

 Spells                   Type           Power      Damage    Failure   Level
 Freeze                   Ice            0%         1d3       38%         1
 Blink                    Tloc           0%         N/A       52%         2
 Frozen Ramparts          Ice            0%         1d1       77%         3
 Hailstorm                Conj/Ice       0%         3d3       77%         3
 Manifold Assault         Tloc           0%         N/A       99%         4

Inventory:

Armour
 d - a +0 cloak (melded)
   (You found it on level 1 of the Dungeon)
 e - a +2 pair of boots
   (You found it on level 1 of the Dungeon)
 i - a +0 leather armour (melded)
   (You found it on level 1 of the Dungeon)
Jewellery
 g - a +6 ring of dexterity (left branch)
   (You found it on level 1 of the Dungeon)
Talismans
 c - a beast talisman
Scrolls
 f - a scroll of identify {unknown}
 h - a scroll of vulnerability {unknown}
Potions
 a - 2 potions of resistance {unknown}
 j - a potion of mutation {unknown}
 k - a potion of degeneration {unknown}

Dungeon Overview and Level Annotations

Branches:
Dungeon (1/15) Zot: 11238

Altars:

Annotations:
D:2 Sigmund

......#####....#......
#####........#.#.##...
##.######.#.#.##...
#####...#####.#..)##...
#.............##.#.....
#.###...#.....##.#.....
#.####.##.###.##.#.....
#......##.# #.##.#.....
#####.♣##.# #.##.#.#...
#{.##.# #.##.#.###.
#..##.# #.##.#.###.
#..##.###.......†..
...####............>.....
#......###.######.#.####
#..##### # #.#.### #.
#.....# ###.#.#


There were no monsters in sight!


Message History

The ball python closely misses you. The ball python barely misses you.
You hit the ball python.
You kill the ball python!
No target in view!
No target in view!
No target in view!
No target in view!
No target in view!
No target in view!
There is a stone staircase leading down here.
Key pressed, stopping explore.
A ball python comes into view.
The ball python hisses angrily.
A ball python is nearby!
You now have 116 gold pieces (gained 13).
An endoplasm comes into view.
The ball python is struck by your spines.
You kill the ball python!
You hit the endoplasm. The endoplasm freezes you.
You are frozen. 😕 HP[-1]
You take 1 damage, and now have 25/26 hp.
You punch the endoplasm!
You kill the endoplasm!
No target in view!
No target in view!
No target in view!
No target in view!
No target in view!
No target in view!
No target in view!
Sigmund the Dreaded comes into view.
He is wielding a +0 scythe and wearing a +2 robe of positive energy.
Sigmund shouts!
Sigmund mumbles some strange words.
Sigmund flickers and vanishes!
Deactivating autopickup; reactivate with Ctrl-A. 😎 HP[+1]
Your hp is fully restored (26).
Okay, then.
You are confused.
You bump into the rock wall.
You are more confused.
You're too confused to move!
You hear some strange, mumbled words.
You are more confused.
You're too confused to move!
You hear some strange, mumbled words.
A puff of flame appears from out of thin air!
The puff of flame hits you! 😮 HP[-11]
You take 11 damage, and now have 15/26 hp.
MASSIVE DAMAGE!! (PAUSE)
You miss something. Something hits you!
* * * LOW HITPOINT WARNING * * *
😱 HP[-9]
You take 9 damage, and now have 6/26 hp.
MASSIVE DAMAGE!! (PAUSE) Unknown command.
Really quaff
b - a potion of lignification {!q}?
Really quaff the potion of lignification?
Your transformation has ended.
Your +0 cloak unmelds from your body.
You turn into a tree.
Your +0 cloak melds into your body.
Your +0 leather armour melds into your body.
Your roots penetrate the ground.
Something hits you but does no damage. 😱 HP[+3]
You now have 39 max hp (+13).
You regained 3 hp, and now have 9/39 hp.
You cannot move. (Use ctrl+direction or * direction to attack while stationary and confused.)
You cannot move. (Use ctrl+direction or * direction to attack while stationary and confused.)
You cannot move. (Use ctrl+direction or * direction to attack while stationary and confused.)
You cannot move. (Use ctrl+direction or * direction to attack while stationary and confused.)
You miss something.
You swing at nothing.
Something hits you but does no damage.
You attack the rock wall.
Something hits you.
* * * LOW HITPOINT WARNING * * *
😱 HP[-1]
You take 1 damage, and now have 8/39 hp.
You completely miss something. You hit something but do no damage.
Something hits you.
* * * LOW HITPOINT WARNING * * *
😱 HP[-6]
You take 6 damage, and now have 2/39 hp.
You closely miss something.
You nearly hit yourself!
Something hits you but does no damage. 😱 HP[+1]
You miss something.
You feel less confused. Something hits you but does no damage.
You hit something.
You smack something!
Something hits you but does no damage.
You barely miss something. Something hits you but does no damage.
You smack something! 😱 HP[+1]
You barely miss something.
You hear some strange, mumbled words.
A puff of flame appears from out of thin air!
The puff of flame hits you!
You die...

Skill      XL: |  1  2 |
---------------+-------+-----
Unarmed Combat | 3 |  3.5
Shapeshifting  | 3 |  3.1
Fighting       | |  1.0
Dodging        | |  1.7

Action                     || total
---------------------------++-------
  Melee: Unarmed           ||    96
Ability: Begin Untransform ||     1
    Use: Potion            ||     1
   Stab: Sleeping          ||     2
 Armour: Animal skin       ||    12
         Leather armour    ||    10
         Skin              ||     6
  Dodge: Dodged            ||    72
   Form: Beast             ||     1

Levels and vault maps discovered:
D:1:      mrwooster_arrival_statue, layout_basic,
          amcnicky_mini_corridor_feature, minmay_domino_4
D:2:      layout_loops_ring, chequers_hall_statues_corner_a, uniq_sigmund

Notes
Turn   | Place    | Note
-------+----------+-------------------------------------------
     0 | D:1      | MackTheKnife the Demonspawn Shapeshifter began the quest
                  | for the Orb.
     0 | D:1      | Reached XP level 1. HP: 15/15 MP: 1/1
     0 | D:1      | magus.rc [v1.9.6]
    52 | D:1      | Reached skill level 3 in Unarmed Combat
   125 | D:1      | Gained mutation: You are partially covered in slimy green
                  | scales. (AC +2) [demonic ancestry]
   125 | D:1      | Reached XP level 2. HP: 19/21 MP: 2/2
   285 | D:1      | You add the spells Blink and Manifold Assault to your
                  | library.
   319 | D:1      | You pick up a book of Frost and begin reading...
   319 | D:1      | You add the spells Freeze, Frozen Ramparts and Hailstorm to
                  | your library.
   342 | D:1      | Reached skill level 3 in Shapeshifting
   347 | D:1      | Gained mutation: You are partially covered in sharp spines.
                  | [demonic ancestry]
   347 | D:1      | Reached XP level 3. HP: 22/26 MP: 3/3
   658 | D:1      | You fall into a shaft and drop 1 floor!
   740 | D:2      | Noticed Sigmund
   753 | D:2      | HP: 6/26 [something (10)]
   759 | D:2      | HP: 2/39 [something (6)]
   767 | D:2      | Killed from afar by Sigmund

Vanquished Creatures
  2 bats (D:1)
  4 endoplasms
  5 goblins (D:1)
  A hobgoblin (D:1)
  6 jackals (D:1)
  6 kobolds
  4 ball pythons
  4 frilled lizards (D:1)
  4 rats (D:1)
36 creatures vanquished.

Table legend:
 A = Non-vault XP
 B = Vault XP
 C = Vault XP percentage of total XP
 D = Non-vault monster count
 E = Vault monster count
 F = Vault count percentage of total count
                 A         B        C        D         E       F
            +---------+---------+-------+---------+---------+-------
      Total |      52 |       6 |  10.3 |      32 |       4 |  11.1
            +---------+---------+-------+---------+---------+-------
        D:1 |      43 |       6 |  12.2 |      27 |       4 |  12.9
        D:2 |       9 |       0 |   0.0 |       5 |       0 |   0.0
            +---------+---------+-------+---------+---------+-------

Skill      XL: |  1  2 |
---------------+-------+-----
Unarmed Combat | 3 |  3.5
Shapeshifting  | 3 |  3.1
Fighting       | |  1.0
Dodging        | |  1.7

Action                     || total
---------------------------++-------
  Melee: Unarmed           ||    96
Ability: Begin Untransform ||     1
    Use: Potion            ||     1
   Stab: Sleeping          ||     2
 Armour: Animal skin       ||    12
         Leather armour    ||    10
         Skin              ||     6
  Dodge: Dodged            ||    72
   Form: Beast             ||     1

Illustrated notes

Table legend:
 A = Kills in this place as a percentage of kills in the entire game.
 B = Kills by you in this place as a percentage of kills by you in the entire game.
 C = Kills by friends in this place as a percentage of kills by friends in the entire game.
 D = Other kills in this place as a percentage of other kills in the entire game.
 E = Experience gained in this place as a percentage of experience gained in the entire game.
 F = Experience gained in this place divided by the number of levels of this place that you have seen.
                   A       B       C       D       E      F
               +-------+-------+-------+-------+-------+----------------------
         Total | 100.0 | 100.0 |   N/A |   N/A | 100.0 |  29.0
       Dungeon | 100.0 | 100.0 |   N/A |   N/A | 100.0 |  29.0
               +-------+-------+-------+-------+-------+----------------------

Table legend: (Time is in decaauts)
 A = Elapsed time spent in this place.
 B = Non-inter-level travel time spent in this place.
 C = Inter-level travel time spent in this place.
 D = Time resting spent in this place.
 E = Time spent auto-exploring this place.
 F = Levels seen in this place.
 G = Mean time per level.
                   A        B        C        D        E       F      G
               +--------+--------+--------+--------+--------+-----+--------+
         Total |    761 |    761 |      0 |     55 |    447 |   2 |  380.5 |
       Dungeon |    761 |    761 |      0 |     55 |    447 |   2 |  380.5 |
               +--------+--------+--------+--------+--------+-----+--------+

Top non-repeatable levels by time:
     D:1: 653 daAuts
     D:2: 107 daAuts
